 Dungeon Crawl Stone Soup version 0.19.0 (webtiles) character file.

2702 AlphabetPasta the Carver (level 9, -6/71 HPs)
             Began as a Demonspawn Berserker on Nov 15, 2016.
             Was a Priest of Trog.
             Mangled by a rust devil (8 damage)
             ... on level 7 of the Dungeon.
             The game lasted 00:22:30 (5785 turns).

AlphabetPasta the Carver (Demonspawn Berserker)     Turns: 5785, Time: 00:22:31

Health: -6/71      AC: -8    Str: 19    XL:     9   Next: 38%
Magic:  18/18      EV: 16    Int: 11    God:    Trog [***...]
Gold:   350        SH:  0    Dex: 20    Spells: 0 memorised, 8 levels left

rFire  . . .     SeeInvis .     k - +0 long sword
rCold  . . .     Gourm    .     l - +0 chain mail
rNeg   . . .     Faith    .     (no shield)
rPois  .         Spirit   .     (helmet restricted)
rElec  .         Reflect  .     (no cloak)
rCorr  .         Harm     .     (no gloves)
MR     .....                    j - +0 pair of boots
Stlth  ..........               v - amulet of magic regeneration
                                o - ring of magical power
                                p - +3 ring of intelligence

@: agile, exhausted, corroded, very slightly contaminated, slowed, invisible,
very slow
A: horns 2, powered by pain 3
a: Berserk, Trog's Hand, Burn Spellbooks, Renounce Religion


You were on level 7 of the Dungeon.
You worshipped Trog.
Trog was most pleased with you.
You were hungry.

You visited 1 branch of the dungeon, and saw 7 of its levels.
You also visited: Ossuary.

You collected 350 gold pieces.

Inventory:

Hand Weapons
 a - a +0 falchion
 k - a +0 long sword (weapon)
 t - a +0 falchion
Missiles
 r - 10 tomahawks (quivered)
 s - 23 bolts
Armour
 b - a +1 animal skin
 j - a +0 pair of boots (worn)
 l - a +0 chain mail (worn)
Jewellery
 f - an uncursed amulet of guardian spirit {unknown}
 o - a ring of magical power (right hand)
 p - a +3 ring of intelligence (left hand)
 v - an amulet of magic regeneration (around neck)
Scrolls
 c - 2 scrolls of identify
 e - 4 scrolls of fear
 g - 2 scrolls of remove curse
 i - 4 scrolls of enchant armour
 x - a scroll of teleportation
Potions
 h - a potion of haste
 m - 2 potions of brilliance
 B - a potion of cancellation
 D - 3 potions of magic
Comestibles
 d - 4 beef jerkies
 n - 3 meat rations
 q - a chunk of flesh
 w - 4 fruits


   Skills:
 + Level 6.5 Fighting
 * Level 8.0 Long Blades
 + Level 5.4 Armour
 + Level 5.4 Dodging


You had 8 spell levels left.
You didn't know any spells.

Dungeon Overview and Level Annotations

Branches:
Dungeon (7/15)
 Temple: D:4-7

Altars:

Shops:
D:5 }


Innate Abilities, Weirdness & Mutations

You have a pair of horns on your head.
You are powered by pain.


Message History

The rust devil corrodes you!
Unknown command.
You fade into invisibility!
The rust devil barely misses you. x2; You riposte.
You hit the rust devil but do no damage.
You headbutt the rust devil.
The rust devil is lightly wounded.
The rust devil barely misses you.
You riposte.
You catch the helpless rust devil completely off-guard!
You hit the rust devil but do no damage.
The rust devil is heavily wounded.
You are very lightly contaminated with residual magic.
The rust devil hits you!
* * * LOW HITPOINT WARNING * * *
The rust devil corrodes you!
The orc warrior howls in fear.
Found a large shield.
The rust devil closely misses you. The rust devil hits you!
You die...

+.................#
#....#####....#........#
#...... #....#........#
#...[.. ######.........
#...... #...'.........
#./......####'###.........
#........#........#######.
..............)#.##### .
#.#+###@......#.#... . ...
#.4.....#.#.###.# #
#.#+#.4.............#
#.#..<........#.#.#####
#.....[.......#+#.#
###...............######
#.#'#######...........
...#.# #.....######
#####.# #...).# ###


You could see 2 rust devils.

Vanquished Creatures
  The ghost of AlphabetPasta the Cudgeler, a novice OgAK of Lugonu (D:5)
  Pikel (D:5)
  A wraith (Ossuary)
  Menkaure (D:5)
  An orc warrior (D:7)
  An ice beast (D:6)
  A black bear (D:6)
  A phantom (D:5)
  3 bullfrogs
  Blork the orc (D:5)
  5 killer bees (D:7)
  3 howler monkeys
  The ghost of CanadianGator the Charmwright, a weakling HESk of Okawaru (D:3)
  2 crimson imps
  A jelly (D:6)
  An orc priest (D:4)
  A bullfrog skeleton (D:5)
  An iguana (D:5)
  Natasha (thrice) (D:3)
  A worker ant (D:7)
  A hound skeleton (D:6)
  3 mummies (Ossuary)
  7 adders
  A shadow imp (D:6)
  An ooze (D:1)
  An adder zombie (D:5)
  An adder skeleton (D:6)
  2 worms
  2 dart slugs
  4 leopard geckos
  4 orcs
  2 ball pythons
  2 giant cockroaches
  3 hobgoblins (D:2)
  2 kobolds (D:2)
  6 bats
  5 frilled lizards
  4 goblins
  3 goblin zombies (Ossuary)
  A hobgoblin zombie (Ossuary)
  9 kobold zombies (Ossuary)
  6 rats
101 creatures vanquished.

Vanquished Creatures (others)
  A sky beast (D:5)
  2 slaves (D:5)
  A centaur (D:5)
  A bullfrog zombie (D:5)
  A hound (D:5)
  A bullfrog skeleton (D:5)
  A hound skeleton (D:5)
8 creatures vanquished.

Grand Total: 109 creatures vanquished

Notes
Turn   | Place    | Note
-------+----------+-------------------------------------------
     0 | D:1      | AlphabetPasta the Demonspawn Berserker began the quest for the Orb.
     0 | D:1      | Reached XP level 1. HP: 18/18 MP: 1/1
   229 | D:1      | Gained mutation: You have a pair of small horns on your head. [demonic ancestry]
   229 | D:1      | Reached XP level 2. HP: 21/24 MP: 2/2
   393 | D:1      | Reached skill level 3 in Long Blades
   758 | D:2      | Reached XP level 3. HP: 17/29 MP: 3/3
   987 | D:2      | Reached ** piety under Trog
  1575 | D:3      | Noticed Natasha
  1588 | D:3      | Killed Natasha
  1588 | D:3      | Reached XP level 4. HP: 13/35 MP: 4/4
  1893 | D:3      | Noticed CanadianGator's ghost (weakling HESk)
  1894 | D:3      | Noticed Natasha
  1917 | D:3      | Killed Natasha
  1934 | D:3      | Killed CanadianGator's ghost
  1934 | D:3      | Reached skill level 4 in Long Blades
  1934 | D:3      | Gained mutation: You sometimes gain a little power by taking damage. [demonic ancestry]
  1934 | D:3      | Reached XP level 5. HP: 33/42 MP: 5/5
  2065 | D:3      | Noticed Natasha
  2073 | D:3      | Killed Natasha
  2743 | D:4      | Reached XP level 6. HP: 39/48 MP: 6/6
  2847 | D:5      | Entered Level 5 of the Dungeon
  2847 | D:5      | Noticed AlphabetPasta's ghost (novice OgAK)
  2892 | D:5      | Killed AlphabetPasta's ghost
  2892 | D:5      | Reached skill level 5 in Long Blades
  2892 | D:5      | Gained mutation: You have a pair of horns on your head. [demonic ancestry]
  2892 | D:5      | Reached XP level 7. HP: 8/55 MP: 7/7
  2929 | D:5      | Noticed Menkaure
  2954 | D:5      | Found a sand-covered staircase.
  2965 | Ossuary  | Entered an ossuary
  2965 | Ossuary  | Noticed a wraith
  2965 | Ossuary  | Noticed a wraith
  2965 | Ossuary  | Noticed a wraith
  3298 | Ossuary  | Reached *** piety under Trog
  3414 | Ossuary  | Reached skill level 5 in Fighting
  3514 | Ossuary  | Noticed a wraith
  3518 | Ossuary  | Killed a wraith
  3518 | Ossuary  | Reached skill level 6 in Long Blades
  3518 | Ossuary  | Gained mutation: You sometimes gain power by taking damage. [demonic ancestry]
  3518 | Ossuary  | Reached XP level 8. HP: 62/62 MP: 8/8
  3582 | D:5      | Killed Menkaure
  3949 | D:5      | Found Dixoept's Gadget Shop.
  3954 | D:5      | Noticed Blork the orc
  3957 | D:5      | Noticed Pikel
  3964 | D:5      | Killed Blork the orc
  3970 | D:5      | Killed Pikel
  3970 | D:5      | Reached skill level 7 in Long Blades
  4034 | D:5      | Reached skill level 5 in Dodging
  4606 | D:6      | Reached skill level 5 in Armour
  4606 | D:6      | Gained mutation: You are powered by pain. [demonic ancestry]
  4606 | D:6      | Reached XP level 9. HP: 50/69 MP: 9/9
  4921 | D:6      | You fall through a shaft!
  5615 | D:6      | Noticed a rust devil
  5615 | D:6      | Noticed a rust devil
  5623 | D:7      | Reached skill level 8 in Long Blades
  5782 | D:7      | HP: 1/71 [rust devil (7)]
  5785 | D:7      | Mangled by a rust devil

Skill      XL: |  1  2  3  4  5  6  7  8  9 |
---------------+----------------------------+-----
Dodging        | 2 3 4 5 |  5.4
Long Blades    | 3 4 5 6 7 8 |  8.0
Armour         | 2 3 4 5 |  5.4
Fighting       | 4 5 6 |  6.5

Action                   |  1- 3 |  4- 6 |  7- 9 || total
-------------------------+-------+-------+-------++-------
Melee: Falchion          |   110 |   111 |   168 ||   389
       Headbutt          |    12 |    35 |    68 ||   115
       Long sword        |       |       |    66 ||    66
Throw: Tomahawk          |       |     3 |       ||     3
Invok: Berserk           |       |       |     4 ||     4
       Trog's Hand       |       |       |     1 ||     1
  Use: Scroll            |     9 |     2 |    15 ||    26
       Potion            |       |     5 |     5 ||    10
 Stab: Invisible         |       |       |     1 ||     1
  Eat: Chunk             |     2 |     4 |     5 ||    11
       Bread ration      |       |       |     2 ||     2
Armor: Animal skin       |    11 |       |       ||    11
       Chain mail        |    26 |    51 |    99 ||   176
Dodge: Dodged            |    56 |    28 |   128 ||   212
       Rpst.: Falchion   |    23 |     9 |    21 ||    53
       Long sword        |       |       |    22 ||    22
